 Dungeon Crawl Stone Soup version 0.28-a0-732-g75e6d9beac (webtiles) character file.

Game seed: 11349918049230149312

5836 Prsk the Destroyer (level 10, -6/81 HPs)
             Began as a Grey Draconian Conjurer on Oct 27, 2021.
             Was a Follower of Vehumet.
             Shot with an arrow by a centaur warrior (15 damage)
             ... on level 8 of the Dungeon on Oct 29, 2021.
             The game lasted 01:23:02 (14719 turns).

Prsk the Destroyer (Grey Draconian Conjurer)       Turns: 14719, Time: 01:23:02

Health: -6/81      AC: 13    Str: 15    XL:     10   Next: 51%
Magic:  9/16       EV: 13    Int: 22    God:    Vehumet [*.....]
Gold:   151        SH:  0    Dex: 10    Spells: 6/17 levels left

rFire   . . .      SeeInvis .   e - +8 short sword of Action {spect, rN+}
rCold   . . .      Faith    +   (no shield)
rNeg    + . .      Spirit   .   (armour unavailable)
rPois   .          Reflect  .   (helmet restricted)
rElec   .          Harm     .   (no cloak)
rCorr   .          Rampage  .   t - +0 pair of gloves
Will    .....                   (no boots)
Stlth   ++........              j - amulet of faith
HPRegen 0.23/turn               C - +6 ring of strength
MPRegen 0.15/turn               (no ring)

@: about to teleport, very slightly contaminated
A: AC +12, amphibious, unfitting armour, cold-blooded
a: Renounce Religion


You were on level 8 of the Dungeon.
You worshipped Vehumet.
Vehumet was aware of your devotion.
You visited 2 branches of the dungeon, and saw 9 of its levels.
You also visited: Sewer.

You collected 595 gold pieces.
You spent 444 gold pieces at shops.

Inventory:

Hand Weapons
 e - the +8 short sword of Action (weapon) {spect, rN+}
   (You took it off a kobold on level 4 of the Dungeon)

   When its wielder attacks, the weapon's spirit leaps out and strikes again.
   The spirit shares a part of any damage it takes with its wielder.
   rN:        It protects you from negative energy.
 B - a +0 hunting sling
Missiles
 b - 45 bolts
 c - 273 stones
 f - 25 poisoned darts
 g - 54 sling bullets
 o - 4 boomerangs
 A - 6 curare-tipped darts
 K - 3 throwing nets
Armour
 a - a +0 tower shield
 t - a +0 pair of gloves (worn)
Magical Staves
 v - a staff of poison
Jewellery
 j - an amulet of faith (around neck)
 C - a +6 ring of strength (left hand)
Wands
 y - a wand of flame (32)
 F - a wand of acid (5)
 G - a wand of digging (8)
 J - a wand of polymorph (8)
Scrolls
 h - 3 scrolls of enchant armour
 m - a scroll of amnesia
 p - a scroll of fog
 r - 2 scrolls of holy word
 s - 2 scrolls of blinking
 x - 4 scrolls of magic mapping {unknown}
 z - 2 scrolls of torment {unknown}
 D - a scroll of noise
 E - a scroll of enchant weapon {unknown}
Potions
 d - 9 potions of flight
 k - a potion of ambrosia
 l - 2 potions of attraction {unknown}
 n - 2 potions of magic {unknown}
 q - 4 potions of curing {unknown}
 u - 2 potions of mutation
 w - 4 potions of lignification {unknown}
 H - a potion of heal wounds
 I - a potion of cancellation


   Skills:
 + Level 5.1 Fighting
 + Level 4.8 Short Blades
 + Level 0.1 Throwing
 + Level 5.6 Dodging
 - Level 2.3 Stealth
 + Level 4.1 Spellcasting
 + Level 12.5 Conjurations
 + Level 2.5 Translocations
 + Level 0.3 Evocations


You had 6 spell levels left.
You knew the following spells:

 Your Spells              Type           Power      Damage    Failure   Level
a - Magic Dart            Conj           100%       1d8       1%          1
b - Searing Ray           Conj           100%       2d8       1%          2
c - Fulminant Prism       Conj/Hex       16%        3d11      9%          4
d - Iskenderun's Mystic   Conj/Tloc      37%        2d9       4%          4

Your spell library contained the following spells:

 Spells                   Type           Power      Damage    Failure   Level
 Foxfire                  Conj/Fire      100%       2x1d9     1%          1
 Dazzling Flash           Conj/Hex       64%        N/A       2%          3
 Pain                     Necr           16%        1d4       11%         1
 Conjure Ball Lightning   Conj/Air       16%        3x3d6     78%         6
 Agony                    Necr           4%         N/A       97%         5
 Excruciating Wounds      Necr           2%         N/A       97%         5
 Discord                  Hex            2%         N/A       100%        8
 Disjunction              Tloc           7%         N/A       100%        8


Dungeon Overview and Level Annotations

Branches:
Dungeon (8/15)             Temple (1/1) D:7            Lair (0/6) D:8
  Sewer (visited)

Altars:
Ashenzari
Cheibriados
Dithmenos
Elyvilon
Fedhas
Gozag
Hepliaklqana
Kikubaaqudgha
Nemelex Xobeh
Okawaru
Qazlal
Ru
Sif Muna
Trog
Uskayaw
Vehumet
Yredelemnul
Zin
The Shining One

Shops:
D:8 *


Innate Abilities, Weirdness & Mutations

Your dull iron-grey scales are very hard. (AC +12)
You are amphibious.
You cannot fit into any form of body armour.
You are cold-blooded and may be slowed by cold attacks.


Message History

a +0 battleaxe; a +0 robe
Things that are here:
a +0 dire flail; a +0 giant spiked club; a two-headed ogre corpse
A - 6 curare-tipped darts (gained 1)
A centaur warrior comes into view.
The centaur warrior shouts!
The centaur warrior wields a +1 longbow of flaming.
It bursts into flame!
The centaur warrior shoots an arrow.
The arrow hits you! The arrow burns you.
Casting: Searing Ray (safe; 1% risk of failure)
Confirm with . or Enter, or press ? or * to list all spells.
Aiming: Fulminant Prism (dangerous; 9% risk of failure)
Press: ? - help, Dir - move target You miscast Fulminant Prism.
You are very lightly contaminated with residual magic.
Nothing appears to happen.
Casting: Fulminant Prism (dangerous; 9% risk of failure)
Confirm with . or Enter, or press ? or * to list all spells.
Aiming: Fulminant Prism (dangerous; 9% risk of failure)
Press: ? - help, Dir - move target You conjure a prism of explosive energy!
A fulminant prism comes into view.
Something hits your fulminant prism!
Your fulminant prism detonates feebly.
The centaur warrior wields a +1 longbow of flaming.
It bursts into flame!
The centaur warrior shoots an arrow.
The arrow hits you! The arrow burns you!
The centaur warrior shoots an arrow.
The arrow hits you!! The arrow burns you.
* * * LOW HITPOINT WARNING * * *
The centaur warrior shoots an arrow.
The arrow hits you!
* * * LOW HITPOINT WARNING * * *
The arrow burns you.
* * * LOW HITPOINT WARNING * * *
The centaur warrior shoots an arrow.
The arrow misses you.
As you read the scroll of teleportation, it crumbles to dust.
You feel strangely unstable.
As you read the scroll of fog, it crumbles to dust.
The scroll dissolves into smoke.
The centaur warrior shoots an arrow.
The arrow hits you!
You die...

#........##♣.###########.♣####.##
.........##..'.[.......'..# #...
..........#♣.###########.♣# ####
.........##♣♣...........♣♣ #
#)..###### ######.###### ### #
##..#♣♣.♣♣ ♣♣♣♣♣♣♣.♣♣♣♣♣♣♣ ♣♣.♣ #
##.#♣.≈.♣#♣.............♣ ♣.♣♣ #
# #)#.≈≈≈.#♣.♣♣♣♣♣♣♣♣♣♣♣.♣ ♣♣.♣♣#
###.#.≈≈≈.#♣.♣§§@§§....♣.♣ ♣♣..♣#
#...#.≈≈≈.#♣.♣c♣♣♣♣♣♣♣.♣.♣#♣.♣♣)#
#.#[#.≈≈≈.#♣.♣.# ♣.♣.♣#.♣♣♣.#
....#♣≈≈≈♣#♣.♣.# ♣.♣.♣#.♣...#
#.#.).≈)≈...)♣.# ♣.♣....♣....
#...#♣≈≈≈♣#♣.♣c# ♣.♣.♣#♣♣.♣♣#
###)#.≈≈≈.#♣.♣.....c#♣.♣.♣ ♣.♣♣ #
##..#.≈≈≈.#♣.♣♣♣♣♣♣♣♣♣.♣.♣ ♣♣.♣♣#
....#.≈≈≈.#♣.....).....♣.♣ ♣♣.♣#


You could see a centaur warrior.

Vanquished Creatures
  Harold (D:8)
  A two-headed ogre (D:8)
  Prince Ribbit (D:5)
  A wyvern (D:8)
  A basilisk (D:6)
  2 steam dragons (D:8)
  Menkaure (D:5)
  2 acid dragons (D:8)
  A water moccasin (D:6)
  Duvessa (D:6)
  4 orc warriors
  4 sky beasts
  2 ice beasts (D:6)
  A hornet zombie (D:6)
  2 centaurs
  4 ogres
  3 kobold brigands (D:8)
  5 bullfrogs
  A gnoll sergeant (D:8)
  Dowan (D:6)
  A wight (D:8)
  2 hounds (D:5)
  A bullfrog skeleton (D:7)
  A gnoll shaman (D:8)
  2 orc priests
  An iron imp (D:4)
  2 jellies
  Jessica (D:2)
  Ijyb (D:5)
  4 iguanas
  6 orc wizards
  A scorpion zombie (D:5)
  2 killer bee zombies
  2 hound skeletons
  A howler monkey zombie (D:5)
  10 adders
  16 gnolls
  A howler monkey skeleton (D:7)
  A shadow imp (D:4)
  3 white imps
  An adder skeleton (D:4)
  5 worms
  2 dart slugs
  31 orcs
  7 bats
  An endoplasm (Sewer)
  2 giant cockroaches
  5 goblins
  3 hobgoblins
  19 jackals
  21 kobolds
  7 quokkas
  8 ball pythons
  4 frilled lizards
  5 rats
219 creatures vanquished.

Vanquished Creatures (others)
  5 fulminant prisms
  22 plants
27 creatures vanquished.

Grand Total: 246 creatures vanquished

Notes
Turn   | Place    | Note
-------+----------+-------------------------------------------
     0 | D:1      | Prsk the Draconian Conjurer began the quest for the Orb.
     0 | D:1      | Reached XP level 1. HP: 14/14 MP: 3/3
   455 | D:1      | Reached XP level 2. HP: 14/20 MP: 0/5
   623 | D:1      | Found a faded altar of an unknown god.
  1103 | D:2      | Noticed Jessica
  1113 | D:2      | Killed Jessica
  1114 | D:2      | Reached XP level 3. HP: 10/26 MP: 0/6
  1436 | D:2      | Reached skill level 5 in Conjurations
  1439 | D:2      | Learned a level 2 spell: Searing Ray
  1859 | D:2      | Reached XP level 4. HP: 33/33 MP: 3/7
  2886 | D:3      | Reached XP level 5. HP: 38/38 MP: 3/8
  2949 | D:3      | Reached skill level 6 in Conjurations
  3130 | D:3      | Found a shadowy altar of Dithmenos.
  3685 | D:3      | Reached XP level 6. HP: 45/45 MP: 6/9
  4052 | D:4      | Found a glowing drain.
  4125 | Sewer    | Entered a sewer
  5413 | D:4      | Found a snail-covered altar of Cheibriados.
  5571 | D:4      | Found a sacrificial altar of Ru.
  5578 | D:4      | Identified the +8 short sword of Action {spect, rN+}
  5630 | D:4      | Reached skill level 7 in Conjurations
  6164 | D:4      | You fall into a shaft and drop 1 floor!
  6164 | D:5      | Entered Level 5 of the Dungeon
  6164 | D:5      | Noticed Ijyb
  6164 | D:5      | Noticed a sky beast
  6360 | D:5      | Upgraded the game from 0.28-a0-724-g66f9036eb4 to
                  | 0.28-a0-732-g75e6d9beac
  6572 | D:5      | Your scales start taking on a dull iron-grey colour.
  6572 | D:5      | Reached XP level 7. HP: 50/50 MP: 6/10
  6688 | D:5      | Found a glowing golden altar of the Shining One.
  6793 | D:5      | Reached skill level 8 in Conjurations
  7034 | D:5      | Found a white marble altar of Elyvilon.
  7265 | D:5      | Noticed Menkaure
  7270 | D:5      | Killed Menkaure
  7271 | D:5      | Reached skill level 1 in Fighting
  7271 | D:5      | Reached skill level 1 in Short Blades
  7585 | D:5      | Reached skill level 9 in Conjurations
  7585 | D:5      | Reached XP level 8. HP: 59/59 MP: 11/11
  8318 | D:5      | Killed Ijyb
  8547 | D:6      | Noticed Prince Ribbit
  8558 | D:5      | Killed Prince Ribbit
  8559 | D:5      | Reached skill level 10 in Conjurations
  8955 | D:6      | Reached XP level 9. HP: 71/71 MP: 7/12
  8960 | D:6      | Learned a level 4 spell: Fulminant Prism
  8965 | D:6      | Learned a level 4 spell: Iskenderun's Mystic Blast
  9516 | D:6      | Noticed Duvessa
  9517 | D:6      | Noticed Dowan
  9527 | D:6      | Killed Dowan
  9536 | D:6      | Killed Duvessa
  9773 | D:6      | Reached skill level 11 in Conjurations
 10440 | D:7      | Found a staircase to the Ecumenical Temple.
 10456 | Temple   | Entered the Ecumenical Temple
 10770 | Temple   | Became a worshipper of Vehumet
 11384 | D:7      | Reached skill level 1 in Translocations
 11642 | D:7      | Found a blossoming altar of Fedhas.
 11643 | D:7      | Found a bloodstained altar of Trog.
 11643 | D:7      | Found a broken altar of Ashenzari.
 11656 | D:7      | Found a hide-covered altar of Uskayaw.
 11822 | D:7      | Reached skill level 5 in Dodging
 11995 | D:7      | Found a stormy altar of Qazlal.
 12176 | D:8      | Found a staircase to the Lair.
 12612 | D:8      | Found Feufri's General Store.
 12619 | D:8      | Reached * piety under Vehumet
 12619 | D:8      | Offered knowledge of Foxfire by Vehumet.
 13165 | D:8      | Bought a wand of digging (4) for 192 gold pieces
 13165 | D:8      | Bought a potion of mutation for 96 gold pieces
 13165 | D:8      | Bought a potion of heal wounds for 60 gold pieces
 13165 | D:8      | Bought a potion of cancellation for 96 gold pieces
 13321 | D:8      | Reached XP level 10. HP: 65/80 MP: 1/14
 13684 | D:8      | Noticed Harold
 13950 | D:8      | Killed Harold
 13951 | D:8      | Reached skill level 5 in Fighting
 13951 | D:8      | Reached skill level 12 in Conjurations
 14528 | D:8      | Noticed a two-headed ogre
 14536 | D:8      | Killed a two-headed ogre
 14709 | D:8      | Noticed a centaur warrior
 14719 | D:8      | Shot with an arrow by a centaur warrior

Illustrated notes

Levels and vault maps discovered:
D:1:      heliophobic_arrival_battle_scene, layout_loops_ring,
          dreamdust_ecumenical_altar_statues
D:2:      layout_rooms, serial_glass, glass_columns_c, glass_columns_a,
          serial_bayou_crossing, uniq_jessica
D:3:      layout_loops_ring, grunt_dithmenos_smoke_and_mirrors, serial_forest,
          infiniplex_forest_clump_diagonal, infiniplex_forest_lined_room_,
          infiniplex_forest_lined_corner, infiniplex_forest_lined_2,
          infiniplex_forest_lined_corner, infiniplex_forest_lined_1,
          infiniplex_forest_clump_cross, infiniplex_forest_clump_curved,
          infiniplex_forest_clump_diagonal
D:4:      layout_loops_cross, nicolae_ru_awakened_eye, chei_slow_surprise,
          cheibrodos_sewer_entry_drain
D:5:      minmay_evil_eye, layout_rooms, elyvilon_altar_3, tso_oasis_becter,
          serial_co_window_serial, co_window_paths_a, co_window_corner_a,
          co_window_paths_b, co_window_corner_a, co_window_cross_1,
          co_window_corner_a, co_window_of_opportunity_a, co_window_paths_c,
          co_window_of_opportunity_c, co_window_of_opportunity_c,
          co_window_corner_b, co_window_paths_e, glass_columns_a,
          glass_columns_c, glass_columns_b, st_stairs_5, eino_curves_02,
          uniq_menkaure, uniq_ijyb
D:6:      layout_basic, uniq_duvessa, uniq_prince_ribbit1
D:7:      layout_cave_pools, mainiacjoe_overflow_24_doors,
          nicolae_overflow_quartered_altars, minmay_temple_entry_mini_moons,
          chequers_serial_rivers_micro_a
D:8:      nzn_winding_woodlands_cross [nzn_winding_woodlands_5x15_zeroes,
          nzn_winding_woodlands_5x15_river_crossing,
          nzn_winding_woodlands_5x15_crooked,
          nzn_winding_woodlands_5x15_longhouse,
          nzn_winding_woodlands_15x15_boxy_spiral], layout_loops_corners,
          lair_entry_dummy, serial_shops, shop, uniq_harold
Temple:   compressed_dpeg_triangle_lava_temple

Skill      XL: |  1  2  3  4  5  6  7  8  9 10 |
---------------+-------------------------------+-----
Dodging        | 2 3 4 5 |  5.6
Stealth        | 2 |  2.3
Conjurations   | 5 6 7 9 10 11 12 | 12.5
Fighting       | 1 3 4 5 |  5.1
Short Blades   | 1 3 4 |  4.8
Translocations | 1 2 |  2.5
Spellcasting   | 4 |  4.1
Throwing       | |  0.1
Evocations     | |  0.3

Action                   |  1- 3 |  4- 6 |  7- 9 | 10-12 || total
-------------------------+-------+-------+-------+-------++-------
Melee: Unarmed           |     7 |       |       |       ||     7
       Rapier            |     5 |    10 |       |       ||    15
       Tailslap          |     1 |     2 |     6 |     2 ||    11
       Short sword       |       |     2 |    70 |    23 ||    95
Throw: Dart              |       |       |       |     2 ||     2
       Boomerang         |       |       |       |     1 ||     1
 Cast: Magic Dart        |    46 |   111 |    42 |       ||   199
       Searing Ray       |       |    29 |    62 |     8 ||    99
       Iskenderun's Myst |       |       |    14 |     4 ||    18
       Fulminant Prism   |       |       |     3 |     2 ||     5
Evoke: Wand              |       |       |       |     2 ||     2
  Use: Scroll            |     1 |     5 |     2 |     3 ||    11
 Stab: Sleeping          |       |       |     3 |       ||     3
Armor: Skin              |     8 |    15 |    43 |    14 ||    80
Dodge: Dodged            |    18 |    27 |    67 |    22 ||   134

Table legend: (Time is in decaauts)
 A = Elapsed time spent in this place.
 B = Non-inter-level travel time spent in this place.
 C = Inter-level travel time spent in this place.
 D = Time resting spent in this place.
 E = Time spent auto-exploring this place.
 F = Levels seen in this place.
 G = Mean time per level.
                   A        B        C        D        E       F      G
               +--------+--------+--------+--------+--------+-----+--------+
         Total |  14918 |  14789 |    129 |   6071 |   2304 |  10 | 1491.8 |
       Dungeon |  13536 |  13407 |    129 |   5683 |   1817 |   8 | 1692.0 |
        Temple |    325 |    325 |      0 |     58 |    214 |   1 |  325.0 |
         Sewer |   1056 |   1056 |      0 |    330 |    273 |   1 | 1056.0 |
               +--------+--------+--------+--------+--------+-----+--------+

Top non-repeatable levels by time:
     D:8: 2494 daAuts
     D:5: 2214 daAuts
     D:6: 2190 daAuts
     D:4: 1638 daAuts
     D:2: 1593 daAuts
     D:3: 1508 daAuts
   Sewer: 1056 daAuts
     D:7: 966 daAuts
     D:1: 930 daAuts
  Temple: 325 daAuts
